 Dungeon Crawl Stone Soup version 0.31.0-12-g77e489cdc1 (webtiles) character file.

Game seed: 14551839604535202404

26 Silvore the Shield-Bearer (level 2, 0/27 HPs)
             Began as a Minotaur Fighter on Feb 21, 2024.
             Constricted to death by a ball python (1 damage)
             ... on level 3 of the Dungeon.
             The game lasted 00:01:20 (610 turns).

Silvore the Shield-Bearer (Minotaur Fighter)         Turns: 610, Time: 00:01:20

Health: 0/27       AC:  0    Str: 20    XL:     2   Next: 89%
Magic:  1/1        EV:  8    Int:  5    God:
Gold:   57         SH:  0    Dex:  9    Spells: 1/1 levels left

rFire   . . .        a - +0 war axe
rCold   . . .        (no shield)
rNeg    . . .        (no body armour)
rPois   .            (helmet restricted)
rElec   .            (no cloak)
rCorr   .            (no gloves)
SInv    .            (no boots)
Will    .....        (no amulet)
Stlth   +            (no ring)
HPRegen 0.24/turn    (no ring)
MPRegen 0.07/turn

%: no passive effects
@: constricted
A: horns 2, retaliatory headbutt
a: no special abilities


You were on level 3 of the Dungeon.
You visited 1 branch of the dungeon, and saw 3 of its levels.

You collected 57 gold pieces.

Inventory:

Hand Weapons
 a - a +0 war axe (weapon)
Jewellery
 e - a ring of magical power
 f - a ring of resist corrosion
 h - a ring of magical power
Wands
 b - a wand of paralysis (11)
Scrolls
 c - a scroll of enchant weapon {unknown}
 g - a scroll of amnesia {unknown}
Potions
 d - a potion of might
 i - a potion of resistance {unknown}


   Skills:
 + Level 3.9 Fighting
 + Level 3.0 Axes
 + Level 4.0 Armour
 + Level 0.6 Dodging
 + Level 4.0 Shields


You had one spell level left.
You didn't know any spells.
Your spell library was empty.

Dungeon Overview and Level Annotations

Branches:
Dungeon (3/15)

Altars:


Innate Abilities, Weirdness & Mutations

You have a pair of horns on your head.
You reflexively headbutt those who attack you in melee.


Message History

Found a scroll labelled QOYHYO LEOR.
Found a mace.
b - a wand of paralysis (11)
Found 6 poisoned darts.
c - a scroll labelled QOYHYO LEOR
Found a stone staircase leading down.
Found a spear.
There is a stone staircase leading down here.
There is a stone staircase leading down here.
You climb downwards.
There is a stone staircase leading up here.
A ball python comes into view.
A ball python is nearby!
The ball python barely misses you. The ball python grabs you.
The ball python constricts you. The ball python barely misses you.
The ball python constricts you. The ball python bites you.
The ball python constricts you. The ball python bites you.
The ball python constricts you. The ball python bites you.
The ball python constricts you. The ball python bites you.
The ball python constricts you. The ball python barely misses you.
The ball python constricts you. The ball python bites you.
The ball python constricts you. The ball python bites you.
The ball python constricts you. The ball python bites you.
* * * LOW HITPOINT WARNING * * *
The ball python constricts you.
* * * LOW HITPOINT WARNING * * *
The ball python bites you.
* * * LOW HITPOINT WARNING * * *
The ball python constricts you.
* * * LOW HITPOINT WARNING * * *
The ball python barely misses you. The ball python constricts you.
* * * LOW HITPOINT WARNING * * *
The ball python bites you.
* * * LOW HITPOINT WARNING * * *
The ball python constricts you. The ball python bites you.
* * * LOW HITPOINT WARNING * * *
The ball python constricts you.
You die...

#.# #.# #.# # #.# .#
# ###.###.###.
#.##........S..
#..<.....#####
#.##.#...#########.#
#..........S@.......
....#############..
#.#### #. #


You could see a ball python.

Vanquished Creatures
  2 dart slugs
  3 ball pythons
  An endoplasm (D:1)
  2 goblins (D:1)
  A hobgoblin (D:1)
  2 jackals (D:2)
  3 kobolds
  A quokka (D:1)
  2 bats (D:1)
  3 frilled lizards
  3 rats (D:1)
23 creatures vanquished.

Notes
Turn   | Place    | Note
-------+----------+-------------------------------------------
     0 | D:1      | Silvore the Minotaur Fighter began the quest for the Orb.
     0 | D:1      | Reached XP level 1. HP: 19/19 MP: 0/0
    76 | D:1      | Reached XP level 2. HP: 24/27 MP: 1/1
   263 | D:1      | You fall into a shaft and drop 1 floor!
   610 | D:3      | HP: 1/27 [ball python (2)]
   610 | D:3      | Constricted to death by a ball python

Illustrated notes

Levels and vault maps discovered:
D:1:      grunt_arrival_lava_bath, layout_rooms, corner_web_ring,
          minmay_split_cup_large
D:2:      layout_basic, basic_altar, dk_noncrumbling_3, minmay_goblin_outpost
D:3:      layout_loops_ring, hellmonk_ecumenical_altar_zigzags,
          wander_ebering_terrifying_dragon_lair, uniq_natasha

Skill      XL: |  1  2 |
---------------+-------+-----
Shields        | 4 |  4.0
Axes           | 3 |  3.0
Armour         | 4 |  4.0
Fighting       | |  3.9
Dodging        | |  0.6

Action                     || total
---------------------------++-------
  Melee: War axe           ||    36
         Headbutt          ||     3
 Armour: Scale mail        ||    78
         Skin              ||    10
  Dodge: Dodged            ||    69
  Block: Buckler           ||    25
